 Dungeon Crawl Stone Soup version 0.23-a0-650-ga4d50d4 (console) character file.

56 Duffy the Firebug (level 3, 16/24 HPs)
             Began as a Demonspawn Fire Elementalist on Jan 2, 2019.
             Quit the game on level 3 of the Dungeon.
             The game lasted 00:02:13 (1579 turns).

Duffy the Firebug (Demonspawn Fire Elementalist)    Turns: 1579, Time: 00:02:14

Health: 16/24      AC:  3    Str:  8    XL:     3   Next: 69%
Magic:  1/7        EV: 12    Int: 17    God:
Gold:   86         SH:  0    Dex: 13    Spells: 3/7 levels left

rFire    . . .     SeeInvis .   k - +0 short sword
rCold    . . .     Gourm    .   (no shield)
rNeg     . . .     Faith    .   a - +0 robe
rPois    .         Spirit   .   (no helmet)
rElec    .         Reflect  .   (no cloak)
rCorr    .         Harm     .   i - +0 pair of gloves
MR       .....                  (no boots)
Stlth    ++........             m - amulet of rage
HPRegen  0.08/turn              l - ring of fire
MPRegen  0.10/turn              f - ring of ice

@: mildly poisoned (16 -> 12)
A: powered by death 1, sturdy frame 1
a: Evoke Berserk Rage


You were on level 3 of the Dungeon.
You were hungry.

You visited 1 branch of the dungeon, and saw 3 of its levels.

You collected 86 gold pieces.

Inventory:

Hand Weapons
 d - a +0 dagger
 k - a +0 short sword (weapon)
Armour
 a - a +0 robe (worn)
 i - a +0 pair of gloves (worn)
Jewellery
 f - a ring of ice (right hand)
 l - a ring of fire (left hand)
 m - an amulet of rage (around neck)
Wands
 h - a wand of paralysis (6)
Scrolls
 e - a scroll of identify {unknown}
 g - a scroll of fear {unknown}
Potions
 b - 2 potions of ambrosia {unknown}
 j - a potion of curing {unknown}
 o - a potion of brilliance {unknown}
Comestibles
 c - 5 rations


   Skills:
 - Level 1.7 Dodging
 - Level 1.7 Stealth
 + Level 2.7 Spellcasting
 + Level 2.1 Conjurations
 + Level 3.3 Fire Magic


You had 3 spell levels left.
You knew the following spells:

 Your Spells              Type           Power        Failure   Level  Hunger
h - Flame Tongue          Conj/Fire      ###..        6%          1    #......
l - Conjure Flame         Conj/Fire      ###.....     17%         3    ###....

Your spell library contained the following spells:

 Spells                   Type           Power        Failure   Level  Hunger
 Throw Flame              Conj/Fire      ###...       9%          2    ##.....
 Inner Flame              Hex/Fire       ##......     26%         3    ###....
 Sticky Flame             Conj/Fire      ###.....     50%         4    #####..
 Fireball                 Conj/Fire      ###.......   85%         5    ######.


Dungeon Overview and Level Annotations

Branches:
Dungeon (3/15)

Altars:


Innate Abilities, Weirdness & Mutations

You regenerate a little health from kills.
Your movements are slightly less encumbered by armour. (ER -2)


Message History

Press: ? - help, Shift-Dir - straight line, f/p - adder
Aim: an adder (severely wounded)
You feel a surge of power!
The flame tongue misses the adder.
You feel sick. The adder closely misses you.
Casting: Flame Tongue (safe; 6% risk of failure)
Confirm with . or Enter, or press ? or * to list all spells.
Aiming: Flame Tongue (safe; 6% risk of failure)
Press: ? - help, Shift-Dir - straight line, f/p - adder
Aim: an adder (severely wounded)
You feel a surge of power!
The flame tongue hits the adder.
You kill the adder!
You feel sick.
Casting: Flame Tongue (safe; 6% risk of failure)
Confirm with . or Enter, or press ? or * to list all spells.
You don't have enough magic to cast that spell.
You feel sick.
All of the chunks of flesh in your inventory have rotted away.
You are feeling hungry.
You feel sick.
Are you sure you want to abandon this character and quit the game? (Confirm

#.# #.#
#.#
#.#######
#.......#
#######.#
#.# #.#
#@# #.#
#.# #.#
#.# ..#
###


There were no monsters in sight!

Vanquished Creatures
  3 adders
  A dart slug (D:1)
  3 giant cockroaches (D:1)
  2 hobgoblins (D:1)
  2 jackals (D:2)
  4 bats
  4 goblins
  6 kobolds
  2 rats
27 creatures vanquished.

Notes
Turn   | Place    | Note
-------+----------+-------------------------------------------
     0 | D:1      | Duffy the Demonspawn Fire Elementalist began the quest for
                  | the Orb.
     0 | D:1      | Reached XP level 1. HP: 13/13 MP: 3/3
   319 | D:1      | Gained mutation: You regenerate a little health from kills.
                  | [demonic ancestry]
   319 | D:1      | Reached XP level 2. HP: 19/19 MP: 3/5
   682 | D:1      | Reached skill level 3 in Fire Magic
  1110 | D:2      | Found a faded altar of an unknown god.
  1272 | D:2      | Gained mutation: Your movements are slightly less
                  | encumbered by armour. (ER -2) [demonic ancestry]
  1272 | D:2      | Reached XP level 3. HP: 24/24 MP: 3/6
  1501 | D:2      | Learned a level 3 spell: Conjure Flame
  1579 | D:3      | Quit the game

Vault maps used:
D:1:      dpeg_arrival_short_road, serial_bayou_pond_d
D:2:      chequers_ecumenical_altar_simple, first_ration, nrook_campfire

Skill      XL: |  1  2  3 |
---------------+----------+-----
Fire Magic     | 3 |  3.3
Conjurations   | 2 |  2.1
Dodging        | |  1.7
Stealth        | |  1.7
Spellcasting   | |  2.7

Action                   || total
-------------------------++-------
Melee: Dagger            ||    15
 Cast: Flame Tongue      ||    49
  Eat: Chunk             ||     2
Armor: Robe              ||     7
Dodge: Dodged            ||    22

Table legend:
 A = Non-vault XP
 B = Vault XP
 C = Vault XP percentage of total XP
 D = Non-vault monster count
 E = Vault monster count
 F = Vault count percentage of total count
                 A         B        C        D         E       F
            +---------+---------+-------+---------+---------+-------
      Total |      80 |       0 |   0.0 |      27 |       0 |   0.0
            +---------+---------+-------+---------+---------+-------
        D:1 |      28 |       0 |   0.0 |      17 |       0 |   0.0
        D:2 |      38 |       0 |   0.0 |       8 |       0 |   0.0
        D:3 |      14 |       0 |   0.0 |       2 |       0 |   0.0
            +---------+---------+-------+---------+---------+-------
